 Dungeon Crawl Stone Soup version 0.23.2-33-g5129a83184 (webtiles) character file.

Game seed: 10322687649157546503

82 t4s4d4r the Chiller (level 4, 0/30 HPs)
             Began as a Barachi Ice Elementalist on July 12, 2019.
             Slain by a giant cockroach (2 damage)
             ... on level 3 of the Dungeon.
             The game lasted 00:03:22 (2671 turns).

t4s4d4r the Chiller (Barachi Ice Elementalist)      Turns: 2671, Time: 00:03:23

Health: 0/30       AC:  3    Str:  9    XL:     4   Next: 43%
Magic:  9/9        EV: 12    Int: 17    God:
Gold:   74         SH:  0    Dex: 12    Spells: 6/10 levels left

rFire    . . .     SeeInvis .   h - +0 short sword (venom)
rCold    . . .     Gourm    .   (no shield)
rNeg     . . .     Faith    .   a - +0 robe
rPois    .         Spirit   .   (no helmet)
rElec    .         Reflect  .   (no cloak)
rCorr    .         Harm     .   (no gloves)
MR       .....                  k - +0 pair of boots
Stlth    ++........             (no amulet)
HPRegen  0.10/turn              (no ring)
MPRegen  0.11/turn              (no ring)

@: slow
A: +LOS, swims, slowness 1, strong legs 1
a: Hop


You were on level 3 of the Dungeon.
You were hungry.

You visited 1 branch of the dungeon, and saw 3 of its levels.

You collected 74 gold pieces.

Inventory:

Hand Weapons
 b - a +0 spear
 h - a +0 short sword of venom (weapon)
 q - a +0 hand crossbow
Missiles
 g - 75 stones (quivered)
Armour
 a - a +0 robe (worn)
 k - a +0 pair of boots (worn)
Scrolls
 d - a scroll of magic mapping {unknown}
 e - a scroll of identify {unknown}
 f - a scroll of random uselessness {unknown}
 i - a scroll of remove curse {unknown}
 j - a scroll of teleportation {unknown}
 m - a scroll of immolation {unknown}
Potions
 l - a potion of curing {unknown}
 o - a potion of agility {unknown}
 p - a potion of resistance {unknown}
 r - a potion of flight {unknown}
Comestibles
 c - 5 rations


   Skills:
 - Level 2.1 Dodging
 - Level 1.7 Stealth
 - Level 3.7 Spellcasting
   Level 1.1 Conjurations
 + Level 4.9 Ice Magic


You had 6 spell levels left.
You knew the following spells:

 Your Spells              Type           Power        Failure   Level  Hunger
a - Freeze                Ice            ###.         2%          1    None
b - Ozocubu's Armour      Chrm/Ice       ##......     19%         3    ###....

Your spell library contained the following spells:

 Spells                   Type           Power        Failure   Level  Hunger
 Throw Frost              Conj/Ice       ##....       7%          2    ##.....
 Throw Icicle             Conj/Ice       ##......     43%         4    ####...
 Summon Ice Beast         Ice/Summ       ##......     52%         4    ####...


Dungeon Overview and Level Annotations

Branches:
Dungeon (3/15)

Altars:
Ashenzari
Fedhas


Innate Abilities, Weirdness & Mutations

Shadows flee at your approach. (+LOS)
You can swim through water.
You cover ground slowly.
You can hop short distances.


Message History

Orders for allies: a - Attack new target. r - Retreat! s - Stop attacking. g - Guard the area. f - Follow me.
Anything else - Cancel.
Okay, then.
The orc priest calls down the wrath of Beogh upon you.
Beogh smites you!
* * * LOW HITPOINT WARNING * * *
The giant cockroach barely misses you. The kobold hits you.
* * * LOW HITPOINT WARNING * * *
The giant cockroach closely misses you.
You kill the orc!
The giant cockroach waves its antennae.
The giant cockroach bites you but does no damage.
An orc comes into view. It is wielding a +0 mace.
There is a stone staircase leading up here.
The orc priest miscasts a cantrip.
The giant cockroach bites you.
You die...

....#.#.#.#
..#.#
..#.#.#.#.#
#.#>#
..#.#.#.#.#.#.#
#.#.#.#.#)#†#
+#.#.#.#.#.#
#.#.#.#K#o#o#
#.#.#.#o#o#.#
#.#s#.#.#.#+
#.@.#.#.#.#
+#+#.#.#+#.#
..<.. ..# #....
#.# ..... #.#
....# #. #+#.


You could see an orc priest, an orc, a giant cockroach and a kobold.

Vanquished Creatures
  An adder (D:2)
  An ooze (D:1)
  A worm (D:2)
  A dart slug (D:2)
  4 leopard geckos (D:2)
  2 orcs (D:3)
  A giant cockroach (D:2)
  10 goblins
  6 hobgoblins
  8 jackals
  6 kobolds
  A ball python (D:1)
  2 bats (D:2)
  9 rats
53 creatures vanquished.

Notes
Turn   | Place    | Note
-------+----------+-------------------------------------------
     0 | D:1      | t4s4d4r the Barachi Ice Elementalist began the quest for
                  | the Orb.
     0 | D:1      | Reached XP level 1. HP: 13/13 MP: 3/3
   235 | D:1      | Reached XP level 2. HP: 19/19 MP: 3/5
  1046 | D:1      | Reached XP level 3. HP: 17/24 MP: 8/8
  1526 | D:1      | Learned a level 3 spell: Ozocubu's Armour
  1671 | D:2      | Found a shattered altar of Ashenzari.
  1838 | D:2      | Reached skill level 4 in Ice Magic
  2184 | D:2      | Reached XP level 4. HP: 30/30 MP: 9/9
  2312 | D:2      | Found a blossoming altar of Fedhas.
  2671 | D:3      | Slain by a giant cockroach

Skill      XL: |  1  2  3 |
---------------+----------+-----
Spellcasting   | 3 |  3.7
Ice Magic      | 4 |  4.9
Dodging        | |  2.1
Stealth        | |  1.7
Conjurations   | |  1.1

Action                   |  1- 3 |  4- 6 || total
-------------------------+-------+-------++-------
Melee: Spear             |    16 |       ||    16
       Short sword       |    90 |    40 ||   130
 Cast: Freeze            |    21 |       ||    21
 Stab: Sleeping          |     3 |     1 ||     4
  Eat: Chunk             |     5 |     1 ||     6
Armor: Robe              |    23 |     4 ||    27
Dodge: Dodged            |    76 |    45 ||   121
